 Dungeon Crawl Stone Soup version 0.32-a0-928-g1cae6b7ea0 (webtiles) character file.

Game seed: 3396027028304567889

9 dragonking145 the Shield-Bearer (level 2, -1/24 HPs)
             Began as a Formicid Fighter on Apr 12, 2024.
             Slain by a kobold
             ... wielding a +0 dagger
              (3 damage)
             ... on level 2 of the Dungeon.
             The game lasted 00:02:49 (685 turns).

dragonking145 the Shield-Bearer (Formicid Fighter)   Turns: 685, Time: 00:02:49

Health: -1/24      AC:  6    Str: 18 (20) XL:     2   Next: 25%
Magic:  2/2        EV: -1    Int:  4 (7)  God:
Gold:   90         SH:  4    Dex: 12 (13) Spells: 1/1 levels left

rFire   . . .        a - +0 long sword
rCold   . . .        c - +0 buckler
rNeg    . . .        b - +0 scale mail
rPois   .            (helmet unavailable)
rElec   .            (no cloak)
rCorr   .            (no gloves)
SInv    +            (no boots)
Will    +....        e - amulet of the acrobat Stlth
                     (no ring)
HPRegen 0.24/turn    (no ring)
MPRegen 0.08/turn

%: acrobat
@: enlightened, flying, constricted
A: permanent stasis, dig shafts and tunnels, antennae 3, four strong arms
a: Dig, Shaft Self


You were on level 2 of the Dungeon.
You visited 1 branch of the dungeon, and saw 2 of its levels.

You collected 90 gold pieces.

Inventory:

Hand Weapons
 a - a +0 long sword (weapon)
Armour
 b - a +0 scale mail (worn)
 c - a +0 buckler (worn)
Jewellery
 e - an amulet of the acrobat (around neck)
Potions
 d - a potion of might
 f - a potion of lignification


   Skills:
 + Level 3.3 Fighting
 + Level 2.3 Long Blades
 + Level 3.3 Armour
 + Level 4.2 Shields


You had one spell level left.
You didn't know any spells.
Your spell library was empty.

Dungeon Overview and Level Annotations

Branches:
Dungeon (2/15)

Altars:


Innate Abilities, Weirdness & Mutations

You cannot be hasted, slowed, berserked, paralysed or teleported.
You can dig through walls and to a lower floor.
You have a pair of large antennae on your head. (SInv)
Your four strong arms can wield two-handed weapons with a shield.


Message History

The ball python constricts you. The adder bites you.
* * * LOW HITPOINT WARNING * * *
The ball python bites you but does no damage.
The ball python constricts you.
Okay, then.
The ball python's grasp on you weakens, but your attempt to escape fails.
The adder bites you but does no damage. You block the ball python's attack.
The ball python constricts you.
* * * LOW HITPOINT WARNING * * *
You escape the ball python's grasp.
A kobold comes into view. It is wielding a +0 dagger.
The kobold shouts!
The adder completely misses you. The adder attacks as it pursues you!
The adder completely misses you. The adder attacks as it pursues you!
The adder closely misses you.
You closely miss the adder. You block the adder's attack.
The adder bites you but does no damage.
You hit the adder.
The adder is heavily wounded.
The ball python closely misses you. The adder bites you but does no damage.
You block the ball python's attack. The ball python barely misses you.
The adder bites you but does no damage.
You closely miss the adder.
The adder is heavily wounded.
You block the adder's attack. The ball python bites you.
* * * LOW HITPOINT WARNING * * *
The ball python grabs you. The ball python constricts you.
You miss the adder.
The adder is heavily wounded.
The adder bites you but does no damage. The kobold hits you but does no damage.
The ball python bites you but does no damage.
The ball python constricts you. The adder bites you but does no damage.
You block the kobold's attack.
The ball python bites you but does no damage.
The ball python constricts you.
* * * LOW HITPOINT WARNING * * *
You block the adder's attack.
The ball python bites you but does no damage.
The ball python constricts you. The kobold hits you with a +0 dagger.
You die...

#...... #. #......
. ##.....## .###
#.......##...###
#........##....###
#........##......#
#.....KS##......#
#@S.<....#
#.##†..###
#.#..### #..... {
##..#.. #.. ##.
#.. ## #...


You could see an adder, a ball python and a kobold.

Vanquished Creatures
  3 ball pythons
  2 hobgoblins
  4 bats (D:1)
  A rat (D:1)
10 creatures vanquished.

Notes
Turn   | Place    | Note
-------+----------+-------------------------------------------
     0 | D:1      | dragonking145 the Formicid Fighter began the quest for the
                  | Orb.
     0 | D:1      | Reached XP level 1. HP: 18/18 MP: 1/1
   352 | D:1      | Reached XP level 2. HP: 24/24 MP: 2/2
   685 | D:2      | Slain by a kobold

Illustrated notes

Levels and vault maps discovered:
D:1:      nzn_arrival_water_spiral, layout_loops_ring, amethyst_killhole
D:2:      layout_rooms, basic_altar, serial_shops, shop, minmay_misc_feat_x,
          pf_guarded_unrand_delatra

Action                     || total
---------------------------++-------
  Melee: Long sword        ||    27
Ability: Shaft Self        ||     1
    Use: Scroll            ||     3
         Potion            ||     2
 Armour: Scale mail        ||    64
  Dodge: Dodged            ||    23
  Block: Buckler           ||    14

Table legend: (Time is in decaauts)
 A = Elapsed time spent in this place.
 B = Non-inter-level travel time spent in this place.
 C = Inter-level travel time spent in this place.
 D = Time resting spent in this place.
 E = Time spent auto-exploring this place.
 F = Levels seen in this place.
 G = Mean time per level.
                   A        B        C        D        E       F      G
               +--------+--------+--------+--------+--------+-----+--------+
         Total |    703 |    610 |     93 |      0 |      0 |   2 |  351.5 |
       Dungeon |    703 |    610 |     93 |      0 |      0 |   2 |  351.5 |
               +--------+--------+--------+--------+--------+-----+--------+

Top non-repeatable levels by time:
     D:1: 682 daAuts
     D:2: 21 daAuts
